 Dungeon Crawl Stone Soup version 0.22-a0-268-g1cc83ef (webtiles) character file.

4564 RoseArtemis the Cleaver (level 10, 0/91 HPs)
             Began as a Minotaur Fighter on Mar 10, 2018.
             Was a Priest of Okawaru.
             Killed from afar by a raiju (16 damage)
             ... with a living lightning
             ... on level 2 of the Abyss.
             The game lasted 00:13:06 (6487 turns).

RoseArtemis the Cleaver (Minotaur Fighter)          Turns: 6487, Time: 00:13:06

Health: 0/91       AC: 12    Str: 22    XL:     10   Next: 18%
Magic:  12/12      EV:  7    Int:  6    God:    Okawaru [***...]
Gold:   359        SH:  9    Dex: 11    Spells: 9/9 levels left

rFire    . . .     SeeInvis +   a - +0 hand axe (venom)
rCold    . . .     Gourm    .   c - +0 shield
rNeg     . . .     Faith    .   b - +0 scale mail
rPois    .         Spirit   .   (helmet restricted)
rElec    .         Reflect  .   (no cloak)
rCorr    .         Harm     .   g - +1 pair of gloves
MR       .....                  h - +0 pair of boots
Stlth    ..........             (no amulet)
HPRegen  0.25/turn              B - ring of see invisible
MPRegen  0.13/turn              (no ring)

@: no status effects
A: retaliatory headbutt, horns 2
a: Heroism, Renounce Religion


You were on level 2 of the Abyss.
You worshipped Okawaru.
Okawaru was most pleased with you.
You were not hungry.

You visited 2 branches of the dungeon, and saw 9 of its levels.
You visited the Abyss 1 time.

You collected 359 gold pieces.

Inventory:

Hand Weapons
 a - a +0 hand axe of venom (weapon)
Armour
 b - a +0 scale mail (worn)
 c - a +0 shield (worn)
 g - a +1 pair of gloves (worn)
 h - a +0 pair of boots (worn)
 F - a +0 pair of boots
Jewellery
 u - an uncursed ring of protection from magic {unknown}
 B - a ring of see invisible (left hand)
Wands
 d - a wand of polymorph (12)
 r - a wand of flame (13)
 t - a wand of scattershot (3)
 w - a wand of iceblast (9)
Scrolls
 e - a scroll of noise {unknown}
 j - a scroll of fear {unknown}
 m - a scroll of amnesia {unknown}
 o - 2 scrolls of remove curse
 q - a scroll of enchant armour
 v - a scroll of blinking {unknown}
 y - a scroll of fog {unknown}
 z - a scroll of identify
 A - a scroll of teleportation {unknown}
Potions
 i - a potion of lignification {unknown}
 k - a potion of curing
 l - a potion of agility
 n - 3 potions of magic {unknown}
 p - 2 potions of flight
 s - 2 potions of haste {unknown}
 x - a potion of mutation {unknown}
 C - a potion of cancellation {unknown}
 D - a potion of invisibility {unknown}
Comestibles
 f - 17 rations
 E - 5 chunks of flesh


   Skills:
 + Level 9.3 Fighting
 * Level 12.0 Axes
 + Level 9.3 Armour
 - Level 3.6 Shields
 - Level 4.0 Invocations


You had 9 spell levels left.
You didn't know any spells.

Dungeon Overview and Level Annotations

Branches:
Dungeon (8/15)             Temple (1/1) D:5
   Lair: D:8-11

Altars:
Ashenzari
Cheibriados
Dithmenos
Elyvilon
Fedhas
Gozag
Nemelex Xobeh
Okawaru
Qazlal
Trog
Uskayaw
Vehumet
Xom
Yredelemnul
Zin
The Shining One

Annotations:
D:8 Psyche


Innate Abilities, Weirdness & Mutations

You reflexively headbutt those who attack you in melee.
You have a pair of horns on your head.


Message History

You are too injured to fight recklessly!
You feel better.
The raiju barks!
The raiju bites you! The raiju shocks you!
A sun demon comes into view.
You see here 19 gold pieces.
The sun demon shouts!
The raiju bursts into living lightning!
The living lightning hits the raiju.
The raiju completely resists.
The living lightning hits you!
* * * LOW HITPOINT WARNING * * *
The raiju blinks!
You block the raiju's attack.
You slash the raiju!
The raiju is poisoned.
You headbutt the raiju, but do no damage.
The raiju is moderately wounded.
You hit the raiju.
The raiju looks as sick as possible!
The raiju bursts into living lightning!
The living lightning hits the raiju.
The raiju completely resists.
The living lightning hits you!
You die...

#....# # ### ###..#
.. #.. ..#. (.# #
#.######.#....
#.#.#.##.#.#..# #
##.#.#....#.#..# ...
...............###..
###h#..#.#.#.(. . ..
##..@......... .. ..
#...hh....... ..#.. .
#....h....#.#.#..#...
#........#..##... ...
##_3.......#.###... .
#.......##[.##.....
.......### ##.# .#.#.
.##.....#### # .# ..
. #........ ##.##..#


You could see a sun demon and 4 raiju.

Vanquished Creatures
  Pikel (D:5)
  The ghost of RoseArtemis the Chopper, an amateur MiFi of Trog (D:5)
  2 hippogriffs
  Sigmund (D:5)
  4 hogs (D:7)
  A human (D:7)
  Eustachio (D:5)
  Edmund (D:6)
  2 orc warriors (D:7)
  A slave (D:5)
  2 ice beasts
  2 phantoms
  4 ogres
  3 centaurs
  4 bullfrogs
  A big kobold (D:8)
  4 killer bees (D:7)
  A bullfrog zombie (D:5)
  3 crimson imps
  2 jellies
  3 orc priests
  2 hounds
  5 orc wizards
  Ijyb (D:3)
  An iguana (D:5)
  3 worker ants (D:4)
  2 hound skeletons
  8 adders
  3 oozes
  An adder zombie (D:6)
  2 worms
  2 dart slugs
  6 leopard geckos
  21 orcs
  A ball python (D:4)
  6 giant cockroaches
  5 goblins
  8 hobgoblins
  13 jackals
  16 kobolds
  4 quokkas
  12 bats
  6 frilled lizards
  A jackal zombie (D:5)
  A quokka skeleton (D:6)
  8 rats
182 creatures vanquished.

Vanquished Creatures (others)
  A slave (D:5)
  An ogre (D:5)
  An orc priest (D:5)
  An orc wizard (D:5)
  A giant cockroach (D:5)
5 creatures vanquished.

Grand Total: 187 creatures vanquished

Notes
Turn   | Place    | Note
-------+----------+-------------------------------------------
     0 | D:1      | RoseArtemis the Minotaur Fighter began the quest for the Orb.
     0 | D:1      | Reached XP level 1. HP: 19/19 MP: 0/0
    59 | D:1      | You fall through a shaft!
    74 | D:2      | Reached skill level 3 in Axes
    74 | D:2      | Reached XP level 2. HP: 23/27 MP: 1/1
   343 | D:1      | Reached XP level 3. HP: 33/33 MP: 2/2
  1216 | D:2      | Reached skill level 4 in Axes
  1338 | D:2      | Reached XP level 4. HP: 40/41 MP: 3/3
  2156 | D:3      | Noticed Ijyb
  2175 | D:3      | Killed Ijyb
  2175 | D:3      | Reached XP level 5. HP: 44/47 MP: 4/4
  2218 | D:3      | Reached skill level 5 in Axes
  2624 | D:4      | Reached skill level 5 in Fighting
  2730 | D:4      | Reached skill level 5 in Armour
  2760 | D:4      | Reached XP level 6. HP: 56/56 MP: 5/5
  3013 | D:4      | Reached skill level 6 in Axes
  3123 | D:5      | Entered Level 5 of the Dungeon
  3123 | D:5      | Noticed Eustachio
  3150 | D:5      | Killed Eustachio
  3150 | D:5      | Reached XP level 7. HP: 38/62 MP: 6/6
  3314 | D:5      | Reached skill level 7 in Axes
  3327 | D:5      | Noticed Pikel
  3330 | D:5      | Noticed Sigmund
  3334 | D:5      | Killed Pikel
  3334 | D:5      | Reached skill level 8 in Axes
  3334 | D:5      | Reached XP level 8. HP: 65/71 MP: 7/7
  3343 | D:5      | Killed Sigmund
  3358 | D:5      | Reached skill level 9 in Axes
  3519 | D:5      | Found a glowing golden altar of the Shining One.
  3599 | D:5      | Noticed RoseArtemis's ghost (amateur MiFi)
  3613 | D:5      | Killed RoseArtemis's ghost
  3915 | D:5      | Found a staircase to the Ecumenical Temple.
  3921 | Temple   | Entered the Ecumenical Temple
  3925 | Temple   | Became a worshipper of Warmaster Okawaru
  4151 | D:5      | Found a glowing silver altar of Zin.
  4265 | D:6      | Reached skill level 10 in Axes
  4437 | D:6      | Noticed Edmund
  4439 | D:6      | Reached XP level 9. HP: 81/81 MP: 8/8
  4448 | D:6      | Reached skill level 1 in Invocations
  4457 | D:6      | Killed Edmund
  4598 | D:6      | Found a radiant altar of Vehumet.
  4723 | D:6      | Reached * piety under Okawaru
  5376 | D:7      | Reached skill level 11 in Axes
  5654 | D:7      | Found a shadowy altar of Dithmenos.
  5785 | D:7      | Found a white marble altar of Elyvilon.
  5875 | D:7      | Reached ** piety under Okawaru
  6038 | D:7      | Reached XP level 10. HP: 86/91 MP: 11/11
  6332 | D:8      | Reached *** piety under Okawaru
  6335 | D:8      | Reached skill level 12 in Axes
  6423 | D:8      | Noticed Psyche
  6427 | D:8      | Cast into level 1 of the Abyss (Psyche)
  6475 | Abyss:2  | Found a corrupted altar of Lugonu.
  6486 | Abyss:2  | Noticed a sun demon
  6487 | Abyss:2  | Killed from afar by a raiju

Vault maps used:
D:1:      dpeg_cavernosity
D:3:      first_ration, corexii_leaking_fountain, uniq_ijyb
D:5:      nicolae_overflow_crystal_walls, minmay_temple_entry_statues,
          basic_altar, uniq_eustachio, uniq_sigmund, uniq_pikel
D:6:      fiery_altar_vehumet, uniq_edmund
D:7:      kennysheep_mini_moat, basic_altar, grunt_livestock
D:8:      makhleb_altar_promises_db, kennysheep_little_box, zin_scriptorium,
          enter_bailey_2, uniq_psyche
Temple:   nicolae_temple_x_marks_the_god
Abyss:2:  hangedman_abyss_or_decor_stabs, hangedman_abyss_mock_shop

Skill      XL: |  1  2  3  4  5  6  7  8  9 10 |
---------------+-------------------------------+-----
Axes           | 3 4 5 6 8 10 11 12 | 12.0
Fighting       | 4 5 6 8 9 |  9.3
Armour         | 4 5 6 7 9 |  9.3
Invocations    | 3 4 |  4.0
Shields        | |  3.6

Action                   |  1- 3 |  4- 6 |  7- 9 | 10-12 || total
-------------------------+-------+-------+-------+-------++-------
Melee: War axe           |    87 |   163 |   179 |       ||   429
       Headbutt          |     7 |    25 |    53 |    14 ||    99
       Hand axe          |       |       |    28 |    55 ||    83
Invok: Heroism           |       |       |     1 |     1 ||     2
  Use: Scroll            |       |     2 |     4 |       ||     6
       Potion            |       |       |     3 |     1 ||     4
  Eat: Chunk             |     1 |     6 |    10 |     1 ||    18
Armor: Scale mail        |    49 |    65 |    74 |    22 ||   210
Dodge: Dodged            |    34 |    44 |    73 |    18 ||   169
Block: Shield            |    42 |    87 |    94 |    24 ||   247

Table legend:
 A = Spawn XP
 B = Non-spawn XP
 C = Spawn XP percentage of total XP
 D = Spawn monster count
 E = Non-spawn monster count
 F = Spawn count percentage of total count
 G = Total turns spent on level
                    A         B        C        D         E        F      G
               +---------+---------+-------+---------+---------+-------+---------
         Total |       0 |    6520 |   0.0 |       0 |     181 |   0.0 |  6487
               +---------+---------+-------+---------+---------+-------+---------
           D:1 |       0 |      40 |   0.0 |       0 |      23 |   0.0 |  1015
           D:2 |       0 |      96 |   0.0 |       0 |      33 |   0.0 |   726
           D:3 |       0 |     122 |   0.0 |       0 |      26 |   0.0 |   872
           D:4 |       0 |     309 |   0.0 |       0 |      13 |   0.0 |   510
           D:5 |       0 |    1925 |   0.0 |       0 |      17 |   0.0 |  1043
           D:6 |       0 |    1029 |   0.0 |       0 |      19 |   0.0 |  1094
           D:7 |       0 |    2176 |   0.0 |       0 |      35 |   0.0 |   894
           D:8 |       0 |     823 |   0.0 |       0 |      15 |   0.0 |   205
               +---------+---------+-------+---------+---------+-------+---------
